Map: Oxide LE

Players

LazzyApe

  • Race: Zerg Zerg
  • League: Platinum
  • Spawn Location: 7:00

DANKCRAFT - Winner!

  • Race: Terran Terran
  • League: Master
  • Spawn Location: 1:00

VOD

Have the link to the VOD?

Description

Time

  • Played on: Feb. 16, 2021, 5:58 p.m.
  • Length: 18:28
Show
View Real Time Build Order
Export as new Build Order

LazzyApe Zerg 

Build Orders: Pool First 

Get SALT Encoding   

  12  0:00  Drone  
  13  0:09  Drone  
  14  0:19  Extractor  
  14  0:20  Extractor  
  12  0:22  Drone x2  
  16  0:32  Overlord  
  16  0:44  Spawning Pool  
  16  0:46  Extractor  
  14  1:08  Drone  
  15  1:24  Hatchery  
  14  1:28  Drone x2  
  14  1:29  Drone  
  17  1:52  Hatchery  
  16  1:59  Drone  
  16  2:01  Drone  
  18  2:06  Extractor  
  17  2:13  Drone x2  
  19  2:16  Metabolic Boost  
  19  2:23  Drone  
  20  2:32  Queen  
  22  2:40  Overlord  
  22  2:53  Roach Warren  
  21  3:00  Zergling x4  
  23  3:06  Zergling x4  
  25  3:13  Pneumatized Carapace  
  25  3:21  Drone x2  
  27  3:28  Drone x2  
  29  3:37  Overlord  
  29  3:39  Overlord  
  29  3:50  Lair  
  29  3:55  Drone x2  
  29  3:58  Drone  
  32  4:23  Zergling x8  
  32  4:24  Zergling x8  
  40  4:31  Zergling x2  
  40  4:36  Queen  
  40  4:37  Drone  
  40  4:53  Roach, Drone  
  40  4:54  Drone  
  44  5:03  Nydus Network  
  44  5:04  Zergling x6  
  44  5:05  Zergling x2  
  47  5:10  Overlord  
  47  5:20  Overseer, Overlord  
  47  5:21  Drone x2  
  47  5:26  Drone  
  50  5:29  Drone  
  51  5:47  Nydus Canal  
  51  5:48  Zergling x6  
  51  5:49  Zergling x8  
  58  5:54  Drone x2  
  49  6:25  Drone x2  
  49  6:26  Drone x5  
  45  6:49  Glial Reconstitution  
  45  6:59  Roach x6  
  57  7:04  Extractor  
  57  7:05  Hatchery, Overlord, Extractor  
  54  7:09  Evolution Chamber  
  54  7:12  Evolution Chamber  
  54  7:14  Hatchery, Drone  
  54  7:15  Drone, Evolution Chamber  
  52  7:24  Roach  
  52  7:25  Roach x3  
  52  7:26  Roach  
  62  7:41  Zerg Missile Weapons Level 1  
  62  7:42  Zerg Ground Armor Level 1  
  62  7:45  Drone x2  
  62  7:46  Drone x3  
  68  7:58  Drone  
  68  7:59  Overlord  
  68  8:00  Overlord x3  
  68  8:04  Overseer  
  68  8:05  Overlord  
  68  8:19  Roach  
  74  8:20  Roach x4  
  74  8:21  Roach  
  74  8:25  Drone x2  
  82  8:27  Drone  
  82  8:28  Drone  
  84  8:39  Drone x6  
  90  8:50  Baneling Nest  
  89  8:58  Ravager x2  
  89  8:59  Ravager x9  
  89  9:00  Ravager x4  
  104  9:05  Roach x2  
  104  9:07  Roach  
  110  9:11  Extractor x2  
  110  9:15  Roach x3  
  114  9:18  Drone  
  114  9:19  Drone x2  
  114  9:21  Overseer  
  117  9:27  Extractor x2  
  115  9:39  Overlord  
  115  9:40  Overlord x3  
  115  9:57  Infestation Pit  
  115  9:58  Hydralisk Den  
  113  10:03  Roach x11  
  135  10:07  Drone  
  135  10:09  Drone  
  135  10:11  Overlord  
  137  10:15  Centrifical Hooks  
  137  10:22  Zerg Missile Weapons Level 2  
  137  10:28  Drone x4  
  141  10:34  Overseer  
  140  10:42  Overseer  
  131  10:57  Queen  
  131  10:58  Drone  
  131  10:59  Spore Crawler, Drone x2  
  131  11:01  Grooved Spines  
  131  11:03  Spore Crawler  
  134  11:06  Spore Crawler  
  134  11:09  Spore Crawler  
  87  11:37  Roach x5  
  87  11:38  Roach x10  
  88  11:53  Drone x2  
  88  11:54  Drone x3  
  88  12:12  Muscular Augments  
  88  12:13  Overseer  
  69  12:21  Roach x5  
  69  12:22  Roach x3  
  87  12:27  Drone  
  87  12:28  Roach  
  88  12:31  Extractor, Zergling x6  
  90  12:41  Roach  
  90  12:42  Roach x2  
  84  12:51  Zergling x6  
  74  13:07  Hatchery  
  74  13:10  Zergling x8  
  74  13:11  Zergling x8  
  81  13:19  Hydralisk x2  
  80  13:20  Hydralisk  
  80  13:22  Queen  
  80  13:26  Overseer  
  88  13:29  Drone  
  88  13:30  Drone  
  90  13:39  Overseer  
  57  14:12  Hydralisk x6  
  69  14:23  Drone  
  69  14:24  Queen  
  70  14:25  Queen  
  70  14:29  Overseer  
  74  14:36  Hydralisk x3  
  74  14:37  Hydralisk x4  
  85  14:42  Hydralisk  
  86  14:45  Drone  
  70  15:34  Zerg Ground Armor Level 2  
  70  15:42  Overseer  
  70  15:43  Drone  
  70  15:44  Drone x4  
  75  15:50  Drone  
  75  15:51  Drone x10  
  86  16:03  Drone  
  86  16:04  Drone x2  
  88  16:05  Drone  
  90  16:16  Queen  
  92  16:19  Spine Crawler  
  92  16:23  Spine Crawler  
  90  16:45  Drone x9  
  90  16:46  Drone x6  
  105  16:50  Overseer  
  105  16:51  Overseer  
  105  16:58  Drone x2  
  105  16:59  Drone x3  
  110  17:06  Extractor, Drone x2  
  110  17:07  Extractor  
  110  17:08  Drone x2  
  112  17:10  Overlord  
  104  17:31  Hydralisk x5  
  114  17:37  Hydralisk  
  114  17:38  Hydralisk x2  
Show
View Real Time Build Order
Export as new Build Order

DANKCRAFT Terran - Winner!

Build Orders: Command Center First (CC), Mech 

Get SALT Encoding   

  12  0:01  SCV  
  13  0:13  SCV  
  14  0:24  Supply Depot  
  14  0:25  SCV  
  15  0:46  SCV  
  16  0:57  Command Center  
  16  1:02  SCV  
  17  1:15  Barracks  
  17  1:18  SCV  
  18  1:30  SCV  
  19  1:43  SCV  
  20  1:55  SCV  
  20  1:58  Refinery  
  21  2:07  SCV, Refinery  
  22  2:12  Bunker  
  22  2:19  SCV  
  22  2:21  SCV  
  24  2:31  SCV  
  24  2:33  SCV  
  26  2:45  Command Center  
  26  2:46  SCV  
  27  2:56  SCV  
  27  2:58  SCV  
  29  3:03  Engineering Bay  
  29  3:05  Reaper  
  30  3:22  Bunker  
  30  3:25  SCV  
  30  3:26  SCV  
  32  3:37  Reaper, Factory, SCV  
  34  3:51  Supply Depot  
  34  3:58  Planetary Fortress  
  35  4:02  SCV  
  35  4:03  SCV  
  36  4:14  SCV  
  36  4:15  SCV  
  38  4:23  Supply Depot  
  38  4:27  SCV x2  
  34  4:39  SCV x2  
  36  4:48  SCV  
  36  4:51  SCV x2  
  36  4:52  Hellion  
  41  4:53  Starport  
  41  5:01  SCV, Refinery  
  41  5:02  Refinery  
  41  5:03  SCV  
  44  5:08  Planetary Fortress  
  44  5:13  Hellion  
  45  5:19  Supply Depot  
  45  5:25  Supply Depot  
  45  5:26  Supply Depot  
  45  5:32  SCV  
  45  5:33  SCV  
  49  5:43  Viking  
  49  5:44  SCV  
  49  5:45  SCV  
  51  5:51  Armory  
  51  5:57  SCV x2  
  53  6:09  SCV x2  
  55  6:13  Factory Tech Lab  
  55  6:18  Barracks Tech Lab  
  48  6:45  Orbital Command  
  48  6:47  Siege Tank  
  48  6:51  Starport Tech Lab  
  51  6:58  Factory x2  
  51  7:02  Factory  
  51  7:05  Factory  
  51  7:06  SCV  
  52  7:11  SCV  
  53  7:16  Command Center  
  53  7:18  SCV  
  53  7:20  Ghost Academy  
  53  7:21  Ghost Academy  
  54  7:23  SCV  
  55  7:30  SCV  
  56  8:06  Factory Tech Lab  
  56  8:08  Factory Tech Lab  
  56  8:14  Factory Tech Lab  
  56  8:17  Enhanced Shockwaves, Personal Cloaking  
  56  8:18  Factory Tech Lab, Ghost  
  58  8:26  Factory Tech Lab  
  58  8:35  Thor  
  58  8:36  Thor  
  58  8:40  Command Center  
  70  8:47  Ghost  
  70  8:48  Raven  
  74  9:21  Thor  
  80  9:36  Nuke  
  80  9:43  Nuke  
  80  9:44  Planetary Fortress  
  80  9:53  Supply Depot  
  80  9:54  Supply Depot  
  80  9:55  Supply Depot, Thor  
  80  9:56  Supply Depot  
  86  10:05  Missile Turret  
  86  10:07  Missile Turret x2  
  86  10:14  SCV  
  87  10:42  Nuke  
  87  10:43  Nuke  
  87  10:57  Ghost  
  87  11:00  Thor  
  87  11:02  Hellion x4  
  103  11:04  SCV  
  104  11:11  Neosteel Armor  
  104  11:16  SCV  
  105  11:23  Hellion x2  
  105  11:24  Hellion x2  
  102  11:29  SCV  
  84  11:43  Hellion  
  84  11:45  Hellion x4  
  87  11:59  Nuke  
  87  12:04  Hellion  
  87  12:05  Refinery  
  87  12:06  Hellion x4  
  87  12:07  Refinery  
  95  12:26  Hellion  
  95  12:27  Thor  
  96  12:46  Ghost  
  96  12:49  Liberator  
  95  12:57  Command Center  
  71  13:08  Planetary Fortress  
  71  13:15  Ghost  
  71  13:16  SCV  
  68  13:32  Thor  
  72  13:49  SCV  
  71  14:01  SCV  
  72  14:13  SCV  
  72  14:17  Thor x2  
  85  14:26  SCV  
  85  14:29  SCV x2  
  88  14:38  SCV  
  89  14:41  SCV  
  89  14:43  Planetary Fortress  
  87  14:46  Banshee  
  85  15:25  Thor x2  
  85  15:27  Hellion x3  
  103  15:29  Banshee  
  103  15:35  SCV  
  105  15:40  Cloaking Field  
  103  15:49  Hellion x3  
  109  16:04  Supply Depot x2  
  109  16:08  Siege Tank  
  109  16:09  Siege Tank  
  109  16:10  Siege Tank  
  116  16:19  Siege Tank  
  119  16:32  Ghost  
  115  16:50  Banshee  
  114  17:40  Thor x2  
Tags
 
Add a new tag
Caveats
  • Supply blocks, unpowered buildings, or Contaminate may cause inaccurate times.
  • Supply counts are checked every 10 seconds.